Map: 포트 알렉산더 - 래더

Players

JinairRogue (Rogue) - Winner!

  • Race: Zerg Zerg
  • League: Master
  • Spawn Location: 11:00

Stats

  • Race: Protoss Protoss
  • League: Grandmaster
  • Spawn Location: 5:00

Event: IEM Season 13 - Katowice Server Qualifiers Asia 1

VOD

Have the link to the VOD?

Description

Time

  • Played on: Jan. 14, 2019, 5:55 a.m.
  • Length: 11:57

All games in this series

Show
View Real Time Build Order
Export as new Build Order

JinairRogue Zerg - Winner!

Build Orders: Hatch First 

Get SALT Encoding   

  12  0:00  Drone  
  13  0:12  Overlord  
  13  0:17  Drone  
  14  0:31  Drone x2  
  16  0:48  Hatchery  
  15  0:52  Drone  
  15  0:56  Drone  
  17  0:59  Drone  
  18  1:10  Extractor  
  17  1:15  Spawning Pool  
  17  1:18  Drone  
  17  1:21  Drone  
  18  1:27  Drone  
  19  1:40  Drone  
  20  1:49  Hatchery  
  20  1:53  Drone  
  20  2:03  Queen  
  20  2:08  Drone  
  23  2:10  Drone  
  23  2:14  Drone  
  25  2:17  Drone  
  25  2:22  Metabolic Boost  
  26  2:27  Overlord  
  26  2:35  Queen  
  28  2:45  Queen  
  28  2:46  Zergling x4  
  28  2:49  Drone  
  33  2:51  Drone  
  33  2:54  Drone  
  33  2:58  Drone  
  36  3:05  Queen  
  38  3:07  Overlord  
  38  3:13  Drone x2  
  38  3:15  Drone  
  38  3:19  Drone  
  40  3:25  Queen  
  42  3:27  Overlord  
  42  3:33  Drone x2  
  44  3:36  Drone x2  
  44  3:38  Drone  
  44  3:39  Drone  
  48  3:42  Evolution Chamber  
  48  3:46  Overlord  
  48  3:48  Drone  
  48  3:49  Drone  
  48  3:52  Spore Crawler  
  48  3:55  Spore Crawler  
  47  3:58  Drone x2  
  49  4:03  Overlord  
  49  4:08  Drone x4  
  53  4:12  Zerg Melee Weapons Level 1  
  53  4:16  Drone x3  
  56  4:21  Drone  
  56  4:23  Overlord  
  57  4:26  Drone x3  
  57  4:31  Lair  
  60  4:34  Extractor  
  60  4:35  Extractor  
  57  4:40  Zergling x2  
  57  4:41  Zergling x10  
  63  4:47  Zergling x4  
  63  4:48  Zergling x4  
  63  4:50  Drone x3  
  63  4:52  Spore Crawler  
  69  4:57  Overlord  
  70  5:00  Drone x4  
  70  5:04  Overlord  
  72  5:08  Overlord  
  72  5:12  Drone  
  72  5:13  Overlord x2  
  73  5:17  Baneling Nest  
  73  5:20  Drone x4  
  76  5:23  Extractor  
  76  5:24  Extractor  
  74  5:29  Drone x5  
  74  5:30  Drone  
  74  5:32  Drone  
  79  5:41  Hydralisk Den  
  79  5:42  Drone x3  
  79  5:48  Zergling x2  
  79  5:49  Zergling x12  
  86  5:56  Zergling x2  
  87  5:57  Zergling x4  
  87  6:00  Overlord x2  
  87  6:05  Overlord  
  87  6:14  Hydralisk x4, Grooved Spines, Overseer  
  95  6:23  Hydralisk x4  
  101  6:28  Hydralisk x2  
  101  6:31  Centrifical Hooks  
  103  6:40  Hydralisk x2  
  103  6:43  Drone  
  103  6:44  Drone x5  
  113  6:49  Drone  
  111  6:55  Hydralisk x2  
  111  6:57  Hydralisk  
  113  7:14  Hydralisk x5  
  123  7:18  Overlord  
  123  7:22  Hatchery  
  122  7:23  Hatchery  
  122  7:27  Zergling x10  
  122  7:28  Baneling x2  
  122  7:29  Baneling x2  
  125  7:34  Muscular Augments  
  125  7:35  Zerg Melee Weapons Level 2  
  125  7:40  Zergling x2  
  125  7:41  Zergling x8  
  130  7:49  Baneling x10  
  129  7:52  Hydralisk  
  129  7:56  Zergling x16  
  136  7:59  Zergling x4  
  138  8:13  Baneling x8  
  138  8:14  Hatchery  
  138  8:18  Hatchery  
  138  8:19  Zergling x4  
  137  8:20  Baneling x4  
  137  8:23  Zergling x14  
  137  8:27  Baneling x6  
  142  8:28  Zergling x4  
  142  8:31  Baneling x2  
  142  8:32  Zergling x2  
  145  8:38  Zergling x2  
  145  8:39  Zergling x10  
  136  8:50  Drone x4  
  140  8:58  Drone x6  
  146  9:03  Hatchery  
  146  9:05  Pneumatized Carapace  
  145  9:10  Hydralisk  
  145  9:11  Hydralisk x3  
  145  9:15  Overlord  
  151  9:18  Drone  
  151  9:21  Hatchery  
  151  9:31  Overlord x2  
  151  9:38  Queen  
  153  9:51  Zergling x16  
  153  9:52  Zergling x28, Zerg Missile Weapons Level 1  
  175  9:58  Drone  
  175  9:59  Drone x4  
  177  10:07  Overlord  
  177  10:08  Overlord  
  177  10:10  Baneling x4  
  177  10:11  Baneling x5  
  177  10:12  Baneling x3  
  177  10:13  Baneling x17  
  177  10:15  Zergling x6  
  177  10:19  Extractor, Baneling  
  177  10:20  Baneling x7  
  174  10:36  Zergling x26  
  174  10:38  Overlord x2  
  174  10:39  Drone  
  188  10:43  Overlord x2  
  188  10:46  Baneling x7  
  187  10:55  Spine Crawler  
  182  10:57  Spine Crawler  
  182  11:00  Baneling x12  
  182  11:01  Zergling x6, Baneling x4  
  182  11:03  Zergling x14  
  182  11:04  Zergling x2  
  191  11:06  Zergling x4  
  191  11:07  Zergling x2  
  191  11:09  Zergling x4  
  193  11:11  Zergling x2  
  193  11:12  Zergling x6  
  193  11:15  Zergling x2  
  193  11:16  Zergling x4  
  199  11:21  Zergling x2  
  199  11:27  Zergling x2  
  199  11:31  Zergling x14  
  199  11:32  Zergling x8  
  195  11:39  Zergling x2  
Show
View Real Time Build Order
Export as new Build Order

Stats Protoss 

Build Orders: 1 Gate Expand, Oracle Opening, Phoenix Opening, Archon Immortal, Archon Drop 

Get SALT Encoding   

  12  0:00  Probe  
  13  0:12  Probe  
  14  0:19  Pylon  
  14  0:24  Probe  
  15  0:33  Probe  
  15  0:41  Probe  
  16  0:45  Gateway  
  16  0:48  Assimilator  
  17  0:52  Probe  
  18  1:04  Probe  
  19  1:16  Probe  
  20  1:24  Nexus  
  20  1:35  Cybernetics Core  
  20  1:39  Probe  
  21  1:45  Assimilator  
  21  1:51  Probe  
  22  1:57  Pylon  
  22  2:03  Probe  
  22  2:06  Adept  
  23  2:15  Probe  
  26  2:18  Stargate  
  26  2:28  Warp Gate  
  26  2:29  Probe  
  26  2:34  Probe  
  26  2:35  Adept  
  29  2:37  Probe  
  29  2:42  Probe  
  31  2:45  Probe  
  33  2:52  Probe  
  33  2:55  Phoenix  
  33  2:56  Probe  
  35  3:04  Probe  
  38  3:08  Probe  
  39  3:16  Probe  
  39  3:19  Oracle  
  40  3:20  Probe  
  40  3:24  Pylon  
  40  3:26  Assimilator  
  44  3:28  Probe  
  44  3:32  Probe  
  46  3:35  Gateway  
  46  3:39  Assimilator  
  46  3:42  Probe  
  46  3:44  Probe  
  48  3:51  Robotics Facility  
  48  3:54  Probe  
  49  3:57  Probe  
  49  4:00  Twilight Council  
  50  4:03  Pylon  
  50  4:06  Probe  
  50  4:09  Probe  
  52  4:19  Probe  
  52  4:21  Probe  
  52  4:22  Gateway  
  52  4:23  Gateway  
  54  4:25  Pylon  
  54  4:31  Warp Prism, Zealot x2  
  58  4:44  Templar Archives  
  60  5:00  Nexus, Observer  
  60  5:03  Pylon  
  60  5:08  Pylon  
  60  5:13  Probe x2  
  63  5:15  Forge  
  63  5:20  Immortal  
  63  5:23  High Templar x4  
  63  5:25  Probe x2  
  63  5:27  Archon x2  
  77  5:36  Protoss Ground Weapons Level 1  
  77  5:51  Probe x2  
  77  5:52  Charge, Immortal  
  79  5:58  Pylon  
  79  6:04  Gateway  
  83  6:05  Gateway  
  83  6:13  Probe x2  
  85  6:22  Probe  
  85  6:24  Immortal  
  85  6:25  Probe, Gateway  
  87  6:26  Gateway  
  91  6:33  Sentry x3  
  91  6:34  Zealot  
  97  6:43  Probe  
  97  6:44  Probe x2  
  100  6:48  Pylon  
  100  6:50  Pylon  
  92  6:55  Zealot  
  92  6:56  Zealot  
  92  6:57  Zealot x2  
  92  7:00  Psionic Storm, Zealot  
  98  7:18  Probe x3  
  98  7:19  Assimilator  
  98  7:20  Assimilator  
  101  7:30  Probe x3  
  101  7:31  Protoss Ground Weapons Level 2  
  101  7:34  High Templar x2  
  101  7:35  Zealot x2  
  112  7:37  Zealot x3  
  112  7:38  Zealot  
  120  8:00  High Templar x2  
  124  8:14  Pylon  
  124  8:16  Pylon, Shield Battery  
  124  8:17  Shield Battery  
  124  8:18  Photon Cannon  
  124  8:20  Photon Cannon  
  124  8:21  Photon Cannon  
  124  8:32  Immortal, Pylon  
  124  8:34  Pylon  
  124  8:36  Pylon  
  110  8:45  Zealot x8  
  119  9:03  Photon Cannon  
  119  9:05  High Templar x3, Photon Cannon  
  119  9:06  High Templar, Photon Cannon  
  119  9:07  High Templar  
  119  9:08  High Templar, Photon Cannon  
  131  9:14  Immortal  
  131  9:16  Archon  
  131  9:22  Archon  
  133  9:45  High Templar x2  
  135  9:46  Zealot x3  
  135  9:47  High Templar, Zealot  
  135  9:48  High Templar  
  135  9:50  Archon  
  149  9:55  Pylon  
  149  9:58  Nexus  
  149  10:00  Archon, Pylon  
  147  10:16  Photon Cannon  
  147  10:23  High Templar x2, Zealot  
  147  10:24  Zealot x5  
  163  10:29  Archon  
  163  10:46  Shield Battery  
  163  10:48  Shield Battery  
  163  10:50  Photon Cannon  
  163  10:52  Photon Cannon  
  163  10:53  Photon Cannon  
  163  10:55  Photon Cannon  
  163  11:01  Immortal  
  163  11:02  High Templar x3  
  163  11:03  High Templar, Zealot x4  
  179  11:08  Archon  
  179  11:09  Archon  
  181  11:16  Photon Cannon  
  181  11:17  Photon Cannon  
  158  11:37  Archon  
  84  11:50  High Templar x4  
  84  11:52  Zealot x4  

Tags
 
Add a new tag
Caveats
  • Supply blocks, unpowered buildings, or Contaminate may cause inaccurate times.
  • Supply counts are checked every 10 seconds.